 Dungeon Crawl Stone Soup version 0.19.5 (webtiles) character file.

3733 Azzok the Archer (level 9, -1/85 HPs)
             Began as a Centaur Fighter on June 5, 2017.
             Was a Follower of Okawaru.
             Slain by a wight
             ... wielding a cursed +2 halberd
              (5 damage)
             ... on level 8 of the Dungeon.
             The game lasted 00:17:03 (8599 turns).

Azzok the Archer (Centaur Fighter)                  Turns: 8599, Time: 00:17:03

Health: -1/85      AC:  9    Str: 19    XL:     9   Next: 92%
Magic:  13/13      EV:  5    Int:  7    God:    Okawaru [*.....]
Gold:   489        SH:  8    Dex: 10    Spells: 0 memorised, 8 levels left

rFire  + . .     SeeInvis +     H - +6 spear of Fortitude {freeze, *Contam MR+++ Str-2 SInv}
rCold  . . .     Gourm    .     b - +0 scale mail
rNeg   + . .     Faith    .     c - +0 shield
rPois  +         Spirit   .     l - +2 hat
rElec  .         Reflect  .     r - +0 cloak
rCorr  .         Harm     .     (no gloves)
MR     +++..                    (no barding)
Stlth  ..........               N - amulet of Qeogrewi {*Slow rPois Regen+ Stlth+}
                                K - ring of protection from fire
                                s - ring of positive energy

@: slowed, drained
A: hooves 3, deformed body, speed 2, tough skin 3
a: Heroism, Renounce Religion


You were on level 8 of the Dungeon.
You worshipped Okawaru.
Okawaru was aware of your devotion.
You were hungry.

You visited 2 branches of the dungeon, and saw 9 of its levels.
You also visited: Ossuary.

You collected 489 gold pieces.

Inventory:

Hand Weapons
 G - a +0 shortbow
 H - the +6 spear of Fortitude (weapon) {freeze, *Contam MR+++ Str-2 SInv}
   (You found it on level 5 of the Dungeon)

   It has been specially enchanted to freeze those struck by it, causing extra
   injury to most foes and up to half again as much damage against particularly
   susceptible opponents.
   It can also slow down cold-blooded creatures.
   It affects your strength (-2).
   It affects your resistance to hostile enchantments.
   It lets you see invisible.
   It causes magical contamination when unequipped.
Missiles
 p - 151 arrows
Armour
 b - a +0 scale mail (worn)
 c - a +0 shield (worn)
 l - a +2 hat (worn)
 r - a +0 cloak (worn)
Jewellery
 s - a ring of positive energy (left hand)
 K - a ring of protection from fire (right hand)
 N - the amulet of Qeogrewi (around neck) {*Slow rPois Regen+ Stlth+}
   (You found it on level 7 of the Dungeon)

   [amulet of regeneration]

   It protects you from poison.
   It increases your rate of regeneration.
   It may slow you when you take damage.
   It makes you more stealthy.
Wands
 L - a wand of disintegration (14/24)
Scrolls
 e - 2 scrolls of enchant weapon
 h - 5 scrolls of teleportation
 j - 4 scrolls of recharging
 m - a scroll of fog
 w - 3 scrolls of blinking
 y - 2 scrolls of fear
 A - 2 scrolls of remove curse
 D - a scroll of amnesia {unknown}
 I - a scroll of brand weapon {unknown}
 J - 4 scrolls of magic mapping
Potions
 a - a potion of degeneration {unknown}
 d - a potion of lignification {unknown}
 g - a potion of cure mutation {unknown}
 n - a potion of mutation {unknown}
 o - a potion of brilliance {unknown}
 q - 6 potions of resistance {unknown}
 t - a potion of flight {unknown}
 u - 2 potions of curing {unknown}
 v - a potion of berserk rage {unknown}
 x - 2 potions of invisibility {unknown}
 z - 2 potions of heal wounds {unknown}
 B - a potion of magic {unknown}
Books
 C - a book of Minor Magic

   Spells                             Type                      Level
   a - Magic Dart                     Conjuration                  1
   b - Blink                          Translocation                2
   c - Call Imp                       Summoning                    2
   d - Repel Missiles                 Charms/Air                   2
   e - Slow                           Hexes                        2
   f - Conjure Flame                  Conjuration/Fire             3
   g - Mephitic Cloud                 Conjuration/Poison/Air       3
 E - a book of Changes

   Spells                             Type                      Level
   a - Beastly Appendage              Transmutation                1
   b - Sticks to Snakes               Transmutation                2
   c - Spider Form                    Transmutation/Poison         3
   d - Ice Form                       Ice/Transmutation            4
   e - Blade Hands                    Transmutation                5
 M - a book of Conjurations

   Spells                             Type                      Level
   a - Magic Dart                     Conjuration                  1
   b - Searing Ray                    Conjuration                  2
   c - Dazzling Spray                 Conjuration/Hexes            3
   d - Fulminant Prism                Conjuration/Hexes            4
   e - Iskenderun's Mystic Blast      Conjuration                  4
   f - Iskenderun's Battlesphere      Conjuration/Charms           5
Comestibles
 f - 6 bread rations {@e1}
 k - 4 meat rations {@e2}
 F - 2 beef jerkies


   Skills:
 - Level 10.0(9.4) Fighting
   Level 1.7(1.2) Long Blades
 + Level 11.7(11.1) Bows
 - Level 2.1(1.7) Armour
 - Level 2.1(1.7) Shields
 + Level 5.5(4.9) Invocations


You had 8 spell levels left.
You didn't know any spells.

Dungeon Overview and Level Annotations

Branches:
Dungeon (8/15)             Temple (1/1) D:6
   Lair: D:8-11

Altars:
Ashenzari
Cheibriados
Dithmenos
Elyvilon
Fedhas
Gozag
Hepliaklqana
Kikubaaqudgha
Makhleb
Nemelex Xobeh
Okawaru
Qazlal
Ru
Sif Muna
Trog
Uskayaw
Vehumet
Xom
Yredelemnul
Zin
The Shining One

Shops:
D:5 [


Innate Abilities, Weirdness & Mutations

You have hooves in place of feet.
Armour fits poorly on your strangely shaped body.
You cover ground very quickly.
You have extremely tough skin. (AC +3)


Message History

You puncture the wight!
You destroy the wight!
Okawaru accepts your kill. You block the wight's attack.
The wight barely misses you. The wight hits you but does no damage.
You take 19 damage, and have 11/85 hp.
MASSIVE DAMAGE!!
The wight hits you with an enchanted halberd!
* * * LOW HITPOINT WARNING * * *
You partially resist.
You feel drained.
* * * LOW HITPOINT WARNING * * *
You block the wight's attack.
There is a stone staircase leading up, spattered with blood here.
Items here: ( )))) [[ † You take 9 damage, and have 2/85 hp.
You puncture the wight!
The wight is heavily damaged.
You block the wight's attack. The wight hits you but does no damage.
You block the wight's attack.
The wight hits you from afar with an enchanted halberd.
You die...

▒·······P··
▒··········
▒·········
▒········▒
▒········▒
▒········▒
▒···(··(·▒▒
▒·······(z▒▒▒▒
▒▒▒▒·▒▒▒▒z<@(▒
▒ ▒▒▒▒··▒ ▒▒·▒
·▒ ·▒ ·▒ ·▒ ·▒


You could see 2 wights.

Vanquished Creatures
  Pikel (D:6)
  Prince Ribbit (D:5)
  Sigmund (D:4)
  Menkaure (D:5)
  A mottled dragon (D:6)
  Duvessa (D:6)
  An ice beast (D:7)
  A sky beast (D:7)
  5 ogres
  3 centaurs
  A big kobold (D:4)
  6 bullfrogs
  Dowan (D:6)
  A scorpion (D:5)
  2 wights (D:8)
  3 crimson imps
  2 centaur zombies
  4 hounds
  A jelly (D:5)
  Crazy Yiuf (D:2)
  2 orc priests
  2 orc wizards
  2 bullfrog skeletons
  2 iguanas
  4 worker ants
  7 big kobold zombies (Ossuary)
  A hound zombie (D:5)
  A hound skeleton (D:4)
  2 mummies
  A worker ant zombie (D:8)
  Robin (D:2)
  4 gnolls (D:2)
  A howler monkey skeleton (D:4)
  8 adders
  3 shadow imps
  An adder zombie (D:7)
  3 worms (D:3)
  5 dart slugs
  6 leopard geckos
  12 orcs
  4 spectral bats (Ossuary)
  11 bats
  8 giant cockroaches
  18 goblins
  7 hobgoblins
  12 jackals
  4 quokkas
  2 ball pythons
  A ball python skeleton (D:3)
  A ball python zombie (D:5)
  2 bat simulacra (Ossuary)
  3 frilled lizards
  5 gnoll zombies (Ossuary)
  2 goblin simulacra (Ossuary)
  4 goblin zombies
  7 hobgoblin zombies
  5 kobolds
  A kobold simulacrum (Ossuary)
  5 kobold zombies (Ossuary)
  A leopard gecko skeleton (D:4)
  2 orc zombies (Ossuary)
  A quokka skeleton (D:5)
  7 rats
  2 rat simulacra (Ossuary)
  4 spectral goblins (Ossuary)
  3 spectral rats (Ossuary)
228 creatures vanquished.

Vanquished Creatures (others)
  2 sky beasts (D:6)
  3 slaves (D:6)
  A hobgoblin zombie (Ossuary)
  An orc zombie (Ossuary)
7 creatures vanquished.

Grand Total: 235 creatures vanquished

Notes
Turn   | Place    | Note
-------+----------+-------------------------------------------
     0 | D:1      | Azzok the Centaur Fighter began the quest for the Orb.
     0 | D:1      | Reached XP level 1. HP: 19/19 MP: 1/1
     6 | D:1      | Noticed a black bear
     6 | D:1      | Noticed a wolf
     7 | D:1      | Noticed a salamander
     7 | D:1      | Noticed a rime drake
   212 | D:1      | Reached XP level 2. HP: 26/26 MP: 2/2
   841 | D:1      | Reached XP level 3. HP: 33/33 MP: 3/3
  1321 | D:2      | Noticed Robin
  1345 | D:2      | Killed Robin
  1373 | D:2      | Reached XP level 4. HP: 19/41 MP: 4/4
  1600 | D:2      | Found a runed door.
  1604 | D:2      | Noticed Crazy Yiuf
  1612 | D:2      | Killed Crazy Yiuf
  1612 | D:2      | Reached skill level 5 in Fighting
  1751 | D:2      | Reached XP level 5. HP: 6/50 MP: 5/5
  3474 | D:4      | Found a sand-covered staircase.
  3573 | Ossuary  | Entered an ossuary
  3696 | Ossuary  | Reached XP level 6. HP: 35/58 MP: 6/6
  4226 | D:4      | Noticed Sigmund
  4262 | D:4      | Killed Sigmund
  4262 | D:4      | Reached XP level 7. HP: 10/69 MP: 7/7
  5097 | D:5      | Entered Level 5 of the Dungeon
  5102 | D:5      | Reached XP level 8. HP: 42/79 MP: 8/8
  5319 | D:5      | Got a brightly glowing spear
  5320 | D:5      | Identified the +6 spear of Fortitude {freeze, *Contam MR+++ Str-2 SInv} (You found it on level 5 of the Dungeon)
  5342 | D:5      | Found Vofrob's Armour Shop.
  5407 | D:5      | Reached skill level 10 in Fighting
  5557 | D:5      | Reached skill level 1 in Bows
  5655 | D:5      | Reached skill level 2 in Bows
  5690 | D:5      | Noticed Prince Ribbit
  5706 | D:5      | Killed Prince Ribbit
  5706 | D:5      | Reached skill level 5 in Bows
  5873 | D:5      | Found a hide-covered altar of Uskayaw.
  5887 | D:5      | Found a shimmering altar of Xom.
  5888 | D:5      | Found a burning altar of Makhleb.
  5888 | D:5      | Found a radiant altar of Vehumet.
  5889 | D:5      | Found a shadowy altar of Dithmenos.
  5890 | D:5      | Found a sparkling altar of Nemelex Xobeh.
  5893 | D:5      | Found an opulent altar of Gozag.
  5931 | D:5      | Noticed Menkaure
  5936 | D:5      | Killed Menkaure
  5936 | D:5      | Reached skill level 6 in Bows
  6170 | D:6      | Found a sparkling altar of Nemelex Xobeh.
  6197 | D:6      | Noticed Pikel
  6235 | D:6      | Killed Pikel
  6235 | D:6      | Reached skill level 9 in Bows
  6235 | D:6      | Reached XP level 9. HP: 60/85 MP: 9/9
  6626 | D:6      | Found a staircase to the Ecumenical Temple.
  6641 | Temple   | Entered the Ecumenical Temple
  6713 | Temple   | Became a worshipper of Warmaster Okawaru
  6879 | D:6      | Noticed Duvessa
  6881 | D:6      | Noticed Dowan
  6889 | D:6      | Killed Duvessa
  6889 | D:6      | Reached skill level 1 in Invocations
  6897 | D:6      | Killed Dowan
  6897 | D:6      | Reached skill level 10 in Bows
  7771 | D:7      | Reached * piety under Okawaru
  7929 | D:7      | Reached skill level 11 in Bows
  8077 | D:7      | Got a brightly glowing crystal amulet
  8081 | D:7      | Identified the amulet of Qeogrewi {*Slow rPois Regen+ Stlth+} (You found it on level 7 of the Dungeon)
  8468 | D:7      | Reached skill level 5 in Invocations
  8597 | D:8      | HP: 4/85 [wight/enchanted halberd (8)]
  8599 | D:8      | Slain by a wight

Skill      XL: |  1  2  3  4  5  6  7  8  9 |
---------------+----------------------------+-----
Fighting       | 4 5 6 8 9 10 | 10.0
Bows           | 9 11 | 11.7
Invocations    | 5 |  5.5
Long Blades    | |  1.7
Armour         | |  2.1
Shields        | |  2.1

Action                   |  1- 3 |  4- 6 |  7- 9 || total
-------------------------+-------+-------+-------++-------
Melee: Long sword        |    39 |       |       ||    39
       Kick              |    32 |   124 |    94 ||   250
       Short sword       |   116 |   321 |       ||   437
       Quarterstaff      |       |    85 |    65 ||   150
       Spear             |       |       |   277 ||   277
  Use: Scroll            |       |    11 |     3 ||    14
       Potion            |       |     1 |       ||     1
 Stab: Petrified         |       |     3 |       ||     3
  Eat: Chunk             |     1 |     6 |     9 ||    16
       Meat ration       |       |     1 |       ||     1
Armor: Scale mail        |    91 |   208 |   135 ||   434
Dodge: Dodged            |    40 |    83 |    63 ||   186
Block: Shield            |    74 |   141 |    92 ||   307
       Rpst.: Long sword |     7 |       |       ||     7
